Unix NetHack Version 3.7.0-66 Work-in-progress - last build Dec 26 2022 05:50:31 (55254d10815e23f0e7c0ebc937178fe17f3ffff8,branch:master). Game began 2022-12-02 16:10:47, ended 2023-01-09 11:27:41. y4k4r1, chaotic female orcish Barbarian ---- --- |..-- --.---.<.---- -- |...|.......| |.-----|...........-- |...).)|............--- -- --.d--.|.................| --@||....---...............| ...--....- -...---.........- |..........| ...| .........| -..............-- ..|.....-- ...--............| .| ....| |.. ----.....--..- | ...| |. --....--...- .-- |. ----.. ... - -- -- ... ... -.... --.|. ---- Y4k4r1 the Pillager St:18 Dx:16 Co:18 In:7 Wi:10 Ch:7 Chaotic S:755 Dlvl:4 $:95 HP:0(39) Pw:5(5) AC:5 Xp:4/125 T:2096 Latest messages: Hounsk' misses it. The gnome lord zaps a spiked wand! You stop eating the gnome corpse. The wand misses Hounsk'. The wand hits you! You hear the wailing of the Banshee... Hounsk' misses the gnome lord. Hounsk' eats a partly eaten gnome corpse. What do you want to read? [kp or ?*] You begin to memorize the runes. Hounsk' misses it. You learn the "knock" spell. Hounsk' bites it. What do you want to drink? [z or ?*] You feel charismatic! Hounsk' misses it. Hounsk' bites it. What do you want to eat? [ehjA or ?*] This snozzberry is delicious! Hounsk' eats a gnome corpse. Restoring save file... Hello y4k4r1, the orcish Barbarian, welcome back to NetHack! You are lucky! Full moon tonight. Indiana bites! You die... Do you want your possessions identified? [ynq] (y) Do you want to see your attributes? [ynq] (y) Do you want an account of creatures vanquished? [ynaq] (y) Do you want to see your conduct and achievements? [ynq] (y) Do you want to see the dungeon overview? [ynq] (y) Inventory: Coins $ - 95 gold pieces Weapons x - 6 blessed +0 arrows q - 2 +0 crossbow bolts o - a +0 crossbow g - a +0 elven bow n - 7 +0 darts m - a +0 dagger r - a +0 elven dagger s - the +0 Grimtooth (weapon in hand) Armor u - an uncursed +0 pair of iron shoes v - an uncursed +0 dwarvish cloak l - an uncursed +0 elven mithril-coat (being worn) Comestibles e - an uncursed fortune cookie h - an uncursed tripe ration j - an uncursed lichen corpse Scrolls p - an uncursed scroll of identify Spellbooks k - an uncursed spellbook of knock Wands w - a wand of magic missile (0:5) i - a wand of teleportation (0:7) Tools y - an uncursed towel Gems/Stones t - 2 uncursed worthless pieces of yellowish brown glass Y4k4r1 the Barbarian's attributes: Background: You were a Pillager, a level 4 female orcish Barbarian. You were chaotic, nominally on a mission for Set who was opposed by Mitra (lawful) and Crom (neutral). You were in the Gnomish Mines, on level 4. You entered the dungeon 2096 turns ago. There was a full moon in effect when your adventure ended. You had 125 experience points, 35 more were needed to attain level 5. Your score was 755 before end-of-game adjustments. Basics: You had 0 out of 39 hit points. You had all 5 energy points (spell power). Your armor class was 5. Your wallet contained 95 zorkmids. Autopickup was on for '$?!/="+' plus thrown, with exceptions. FinalCharacteristics: Your strength was 18 (limit:18/50). Your dexterity was 16 (limit:18). Your constitution was 18 (limit:18). Your intelligence was 7 (limit:16). Your wisdom was 10 (limit:16). Your charisma was 7 (limit:16). Final Status: You were not hungry. You were unencumbered. You were wielding a dagger. You were unskilled in dagger. Final Attributes: You were piously aligned. You were poison resistant. You were aware of the presence of elves. You had infravision. You were guarded. You were lucky. You are dead. Miscellaneous: You encountered 1 bones level. Total elapsed playing time was 1 hour, 49 minutes and 34 seconds. Major events: Turn 1: y4k4r1 the chaotic female orcish Barbarian entered the dungeon 982: found Grimtooth in a shop 1379: attained the rank of Pillager (level 3) 1411: entered the Gnomish Mines 2096: killed by a large dog called Indiana Vanquished creatures: 2 gnome leaders a dwarf an iguana 4 hobbits 2 cave spiders 10 gnomes 2 geckos 3 jackals a fox a kobold a sewer rat 7 grid bugs a bat 2 lichens a kobold zombie 5 newts 44 creatures vanquished. No species were genocided or became extinct. Voluntary challenges: You were an atheist. You read items or engraved 1 time. You never engraved Elbereth. You never genocided any monsters. You never polymorphed an object. You never changed form. You used no wishes. Achievements: You entered a shop. You attained the rank of Pillager. You entered the Gnomish Mines. The Dungeons of Doom: levels 1 to 2 Level 1: An altar, a fountain. Level 2: A weapon shop, a sink. Stairs down to The Gnomish Mines. The Gnomish Mines: levels 3 to 4 Level 3: Level 4: <- You were here. Final resting place for you, killed by a large dog called Indiana, OpticSugar-Arc-Hum-Mal-Neu, killed by a wand. Game over: ---------- / \ / REST \ / IN \ / PEACE \ / \ | y4k4r1 | | 95 Au | | killed by a | | large dog called | | Indiana | | | | 2023 | *| * * * | * _________)/\\_//(\/(/\)/\//\/|_)_______ Goodbye y4k4r1 the Barbarian... You died in The Gnomish Mines on dungeon level 4 with 746 points, and 95 pieces of gold, after 2096 moves. You were level 4 with a maximum of 39 hit points when you died.